 Dungeon Crawl Stone Soup version 0.17-a0-1210-g1e4f09d (webtiles) character file.

556 wvc the Cutter (level 7, -2/52 HPs)
             Began as a Mummy Wanderer on June 4, 2015.
             Was an Elder of Cheibriados.
             Slain by Menkaure (13 damage)
             ... on level 5 of the Dungeon.
             The game lasted 00:07:07 (4306 turns).

wvc the Cutter (Mummy Wanderer)                     Turns: 4306, Time: 00:07:08

Health: -2/52      AC:  9    Str: 25    XL:     7   Next: 8%
Magic:  7/7        EV: 11    Int: 20    God:    Cheibriados [****..]
Gold:   172        SH:  0    Dex: 22    Spells: 2 memorised, 2 levels left

rFire  x . .     SeeInvis .     j - +2 dagger (venom)
rCold  + . .     Clarity  .     o - +0 ring mail
rNeg   + + +     SustAt   .     (no shield)
rPois  ∞         Gourm    .     r - +1 helmet
rElec  .         Spirit   .     h - +0 cloak (curse)
rCorr  .         Warding  .     (no gloves)
rMut   .         Stasis   .     g - +0 pair of boots
MR     .....                    (no amulet)
Stlth  ++........               s - ring of stealth
                                (no ring)

@: repel missiles, very slow, not resistant to hostile enchantments, unstealthy
A: no food or potions, fire vulnerability, cold resistance 1, negative energy
resistance 3, torment resistance, unbreathing
a: Bend Time, Temporal Distortion, Slouch, Renounce Religion


You were on level 5 of the Dungeon.
You worshipped Cheibriados.
Cheibriados was greatly pleased with you.
You were not hungry.

You visited 1 branch of the dungeon, and saw 5 of its levels.

You collected 172 gold pieces.

Inventory:

Hand weapons
 c - a +0 hand crossbow
 j - a +2 dagger of venom (weapon)
Missiles
 b - 4 throwing nets (quivered)
 d - 22 bolts
Armour
 g - a +0 pair of boots (worn)
 h - a cursed +0 cloak (worn)
 o - a +0 ring mail (worn)
 r - a +1 helmet (worn)
Jewellery
 i - an uncursed ring of flight
 s - a ring of stealth (right hand)
Magical devices
 a - a wand of digging (8)
Scrolls
 e - a scroll of teleportation
 k - 2 scrolls of noise
Books
 f - a book of Minor Magic

   Spells                             Type                      Level
   a - Magic Dart                     Conjuration                  1
   b - Blink                          Translocation                2
   c - Call Imp                       Summoning                    2
   d - Repel Missiles                 Charms/Air                   2
   e - Slow                           Hexes                        2
   f - Conjure Flame                  Conjuration/Fire             3
   g - Mephitic Cloud                 Conjuration/Poison/Air       3


   Skills:
 - Level 3.0 Fighting
 * Level 5.7 Short Blades
 - Level 2.4 Crossbows
 - Level 1.0 Throwing
 - Level 1.2 Armour
 - Level 1.0 Dodging
 - Level 1.0 Stealth
 + Level 0.1 Air Magic
 - Level 1.0 Evocations


You had 2 spell levels left.
You knew the following spells:

 Your Spells              Type           Power        Failure   Level  Hunger
a - Blink                 Tloc           N/A          43%         2    N/A
b - Repel Missiles        Chrm/Air       #.....       43%         2    N/A

Dungeon Overview and Level Annotations

Branches:
Dungeon (5/15)
 Temple: D:4-7

Altars:
Cheibriados
Dithmenos
Kikubaaqudgha
Nemelex Xobeh
Ru
Xom
Yredelemnul

Annotations:
D:5 Menkaure


Innate Abilities, Weirdness & Mutations

You do not eat or drink.
Your flesh is vulnerable to fire.
You are immune to poison.
Your flesh is cold resistant.
You are immune to negative energy.
You are immune to unholy pain and torment.
You can survive without breathing.


Message History

You hit Menkaure.
Menkaure is severely damaged.
Menkaure hits you!
* * * LOW HITPOINT WARNING * * *
You are too injured to fight recklessly!
You are too injured to fight recklessly!
You are too injured to fight recklessly!
You hit Menkaure.
Menkaure is almost destroyed.
Menkaure hits you but does no damage.
You barely miss Menkaure.
Menkaure is almost destroyed.
Menkaure barely misses you.
You hit Menkaure.
Menkaure is almost destroyed.
Menkaure hits you but does no damage.
You hit Menkaure.
Menkaure is almost destroyed.
Menkaure hits you!
You die...

### ####.########
....#.......#######
####..............#
####...####.#####.#
.....#.# #.#.## .#
####...##.###.## .# #
##.##.#...#.##.######
#
##...##...##.@M......
#
##...#.......##.######
# #..........#. ... #
!..#....#.# .#... # #
......## ..#### ###.#
##....###.##. ....#
#......... .)
.#######....)..## .#
.#.††............


You could see Menkaure.

Vanquished Creatures
  An ice beast (D:5)
  A scorpion (D:4)
  A hound (D:4)
  4 orc priests
  An iguana (D:4)
  Jessica (D:3)
  An orc wizard (D:3)
  Robin (D:3)
  6 adders
  A shadow imp (D:5)
  3 oozes
  3 worms
  9 orcs
  A ball python (D:3)
  A bat skeleton (D:4)
  4 giant cockroaches
  11 hobgoblins
  9 jackals
  7 kobolds
  A quokka (D:3)
  7 bats
  8 giant newts
  9 goblins
  11 rats
102 creatures vanquished.

Notes
Turn   | Place    | Note
--------------------------------------------------------------
     0 | D:1      | wvc the Mummy Wanderer began the quest for the Orb.
     0 | D:1      | wvc set off with: a +0 leather armour, 3 throwing nets, a +0 hand crossbow, 29 bolts, a scroll of teleportation
     0 | D:1      | Reached XP level 1. HP: 16/16 MP: 1/1
   274 | D:1      | Reached XP level 2. HP: 12/23 MP: 2/2
   434 | D:1      | Found a snail-covered altar of Cheibriados.
   444 | D:1      | Became a worshipper of Cheibriados the Contemplative
   554 | D:1      | Reached skill level 3 in Fighting
   906 | D:2      | Found a shimmering altar of Xom.
   907 | D:2      | Found a shimmering altar of Xom.
   913 | D:2      | Found a shimmering altar of Xom.
   913 | D:2      | Found a shimmering altar of Xom.
   915 | D:2      | Found a shimmering altar of Xom.
   916 | D:2      | Found a shimmering altar of Xom.
  1122 | D:2      | Reached XP level 3. HP: 27/29 MP: 3/3
  1130 | D:2      | Reached skill level 1 in Short Blades
  1314 | D:2      | Found a sparkling altar of Nemelex Xobeh.
  1320 | D:2      | Acquired Cheibriados's first power
  1780 | D:2      | Reached XP level 4. HP: 35/35 MP: 4/4
  1846 | D:3      | Noticed Jessica
  1857 | D:3      | Killed Jessica
  2127 | D:3      | Reached XP level 5. HP: 30/41 MP: 5/5
  2258 | D:3      | Noticed Robin
  2273 | D:3      | Killed Robin
  2347 | D:3      | Found a sacrificial altar of Ru.
  2444 | D:3      | Reached skill level 4 in Short Blades
  2813 | D:4      | Acquired Cheibriados's second power
  2813 | D:4      | Reached XP level 6. HP: 47/47 MP: 6/6
  2864 | D:4      | Learned a level 2 spell: Blink
  2867 | D:4      | Learned a level 2 spell: Repel Missiles
  3126 | D:4      | Found an ancient bone altar of Kikubaaqudgha.
  3129 | D:4      | Found a basalt altar of Yredelemnul.
  3132 | D:4      | Found a shadowy altar of Dithmenos.
  3710 | D:4      | Reached skill level 5 in Short Blades
  3988 | D:5      | Entered Level 5 of the Dungeon
  4025 | D:5      | Reached XP level 7. HP: 13/52 MP: 7/7
  4226 | D:5      | Acquired Cheibriados's third power
  4286 | D:5      | Noticed Menkaure
  4306 | D:5      | Slain by Menkaure

Vault maps used:
D:1:      dpeg_arrival_prison, cheibriados_altar_1
D:2:      xom_redecorated, nemelex_xobeh_ov_fountains_minmay
D:3:      nicolae_ru_great_annihilating_truth, roderic_lattice_a, uniq_jessica,
          uniq_robin
D:4:      grunt_temple_overflow_diamond, first_bread
D:5:      cheibrodos_ashenzari_chains, vehumet_altar_wand_db, uniq_menkaure

Action                   |  1- 3 |  4- 6 |  7- 9 || total
-------------------------+-------+-------+-------++-------
Melee: Dagger            |    93 |   226 |    30 ||   349
 Fire: Hand crossbow     |    33 |       |       ||    33
 Cast: Repel Missiles    |       |     1 |       ||     1
  Use: Scroll            |       |     8 |       ||     8
 Stab: Sleeping          |     2 |     4 |       ||     6
       Paralysed         |       |     1 |       ||     1
